 Dungeon Crawl Stone Soup version 0.25-a0-697-g890751e (webtiles) character file.

Game seed: 9841338134916821444, levelgen mode: deterministic

541 Faels the Sneak (level 7, -2/43 HPs)
             Began as a Kobold Assassin on Mar 31, 2020.
             Splashed by a jelly's acid (10 damage)
             ... on level 4 of the Dungeon.
             The game lasted 00:16:17 (5303 turns).

Faels the Sneak (Kobold Assassin)                   Turns: 5303, Time: 00:16:17

Health: -2/43      AC: -3    Str: 10    XL:     7   Next: 51%
Magic:  7/7        EV: 18    Int: 12    God:
Gold:   242        SH:  0    Dex: 17    Spells: 6/6 levels left

rFire    + . .     SeeInvis .   a - +2 dagger
rCold    . . .     Gourm    .   (shield restricted)
rNeg     . . .     Faith    .   F - +1 robe of Coronation {rElec Stlth+}
rPois    .         Spirit   .   (no helmet)
rElec    +         Reflect  .   c - +0 cloak
rCorr    .         Harm     .   r - +0 pair of gloves
MR       .....                  (no boots)
Stlth    +++++.....             (no amulet)
HPRegen  0.14/turn              B - +1 ring of evasion
MPRegen  0.10/turn              x - ring of protection from fire

@: corroded
A: small, carnivore
a: no special abilities


You were on level 4 of the Dungeon.
You were completely stuffed.

You visited 2 branches of the dungeon, and saw 6 of its levels.

You collected 242 gold pieces.

Inventory:

Hand Weapons
 a - a +2 dagger (weapon)
Missiles
 d - 45 poisoned darts (quivered)
 e - 2 curare-tipped darts
Armour
 c - a +0 cloak (worn)
 n - a +0 leather armour
 q - a +0 scale mail
 r - a +0 pair of gloves (worn)
 s - a +0 ring mail
 A - a +3 leather armour of cold resistance
 F - the +1 robe of Coronation (worn) {rElec Stlth+}
   (You found it on level 4 of the Dungeon)

   It insulates you from electricity.
   It makes you more stealthy.
Jewellery
 k - an uncursed ring of magical power
 x - a ring of protection from fire (right hand)
 B - a +1 ring of evasion (left hand)
Wands
 v - a wand of enslavement (6)
 y - a wand of paralysis (7)
Scrolls
 g - a scroll of random uselessness {unknown}
 i - 4 scrolls of teleportation
 j - a scroll of enchant armour {unknown}
 l - a scroll of blinking {unknown}
 m - 5 scrolls of remove curse
 t - a scroll of fear {unknown}
 w - a scroll of amnesia {unknown}
 G - 3 scrolls of silence {unknown}
Potions
 b - a potion of might {unknown}
 h - a potion of lignification
 o - 2 potions of stabbing
 p - 2 potions of haste
 u - a potion of berserk rage {unknown}
 z - a potion of flight
 C - a potion of heal wounds {unknown}
 D - a potion of cancellation {unknown}
Comestibles
 f - 10 rations
 E - 3 chunks of flesh


   Skills:
 + Level 4.2 Fighting
 + Level 5.1 Short Blades
 + Level 4.1 Throwing
 + Level 4.1 Dodging
 + Level 7.1 Stealth


You had 6 spell levels left.
You didn't know any spells.
Your spell library was empty.

Dungeon Overview and Level Annotations

Branches:
Dungeon (5/15)             Temple (1/1) D:4

Altars:
Cheibriados
Elyvilon
Kikubaaqudgha
Ru
Sif Muna
Trog
Vehumet
Wu Jian
Xom
Zin


Innate Abilities, Weirdness & Mutations

You are small and have problems with some larger weapons.
You are carnivorous and can eat meat at any time.


Message History

You hit the jelly but do no damage.
Your hands burn!
* * * LOW HITPOINT WARNING * * *
The jelly is heavily wounded.
You hit the plant but do no damage. The jelly barely misses you.
The jelly misses you.
Throwing (i - inventory. (/) - cycle)
d - 47 poisoned darts (quivered)
Press: ? - help, Shift-Dir - straight line, f - jelly
Aim: a jelly (heavily wounded)
You throw a poisoned dart. The poisoned dart hits the jelly.
The jelly is heavily wounded.
The jelly completely misses you.
Throwing (i - inventory. (/) - cycle)
d - 46 poisoned darts (quivered)
Press: ? - help, Shift-Dir - straight line, f/p - jelly
Aim: a jelly (heavily wounded)
You throw a poisoned dart. The poisoned dart hits the jelly.
The jelly is heavily wounded.
The jelly hits you.
* * * LOW HITPOINT WARNING * * *
You are splashed with acid!
You die...

.≈≈...# #.#..#..# .≈....#
#.#.#.#.## .≈....#
######.#......## .≈...##
#.........###..# .≈...#
###.##...#.##.##.### <≈.#.#
#PP.P..#...#...#...## #....#
##P.P..>..####'####..# #.####
#..P>PJ#.##.#...#.##.# #.#
#..P.@P#.#..'...'..#.. ..#
#.P......##.#...#.##.. ..#
#..##.##..####'####... #.#
##....###...#.).#...#. #.# ####.#
###.##)##.###. #.# #.#
#..#'#..##.. #.##############.#
#......###.. #.............##.#
##.#..### #..
#..#.######.#.##.####....#######.


You could see a jelly.

Vanquished Creatures
  A sky beast (D:5)
  2 ogres (D:4)
  Terence (D:2)
  Ijyb (D:3)
  2 worker ants
  8 adders
  2 oozes
  3 worms
  3 dart slugs
  2 leopard geckos
  3 orcs
  A ball python (D:2)
  14 bats
  7 giant cockroaches
  19 goblins
  7 hobgoblins
  3 jackals (D:3)
  A quokka (D:4)
  7 frilled lizards
  A jackal skeleton (D:4)
  10 kobolds
  10 rats
108 creatures vanquished.

Notes
Turn   | Place    | Note
-------+----------+-------------------------------------------
     0 | D:1      | Faels the Kobold Assassin began the quest for the Orb.
     0 | D:1      | Reached XP level 1. HP: 12/12 MP: 1/1
    63 | D:1      | Reached XP level 2. HP: 6/18 MP: 2/2
   548 | D:1      | Reached XP level 3. HP: 13/22 MP: 3/3
  1365 | D:2      | Reached XP level 4. HP: 11/27 MP: 4/4
  1759 | D:2      | Noticed Terence
  1785 | D:2      | Killed Terence
  2067 | D:2      | Reached skill level 6 in Stealth
  2067 | D:2      | Reached XP level 5. HP: 28/32 MP: 5/5
  3202 | D:3      | Noticed Ijyb
  3207 | D:3      | Paralysed by Ijyb for 7 turns
  3220 | D:3      | Killed Ijyb
  3688 | D:3      | Reached XP level 6. HP: 37/37 MP: 6/6
  4203 | D:4      | Found a shimmering altar of Xom,
  4203 | D:4      | Noticed an ogre
  4241 | D:4      | Killed an ogre
  4352 | D:4      | Got a creamy pearl robe
  4363 | D:4      | Identified the +1 robe of Coronation {rElec Stlth+} (You
                  | found it on level 4 of the Dungeon)
  4431 | D:4      | Noticed an ogre
  4449 | D:4      | Killed an ogre
  4449 | D:4      | Reached XP level 7. HP: 39/42 MP: 7/7
  4689 | D:4      | Found a staircase to the Ecumenical Temple,
  4700 | Temple   | Entered the Ecumenical Temple
  5229 | D:5      | Entered Level 5 of the Dungeon
  5240 | D:5      | Reached skill level 5 in Short Blades
  5240 | D:5      | Reached skill level 7 in Stealth
  5303 | D:4      | Splashed by a jelly's acid

Levels and vault maps discovered:
D:1:      moated_graveyard_arrival, layout_basic
D:2:      layout_basic, minivault_27, uniq_terence
D:3:      layout_loops_ring, minmay_three_crescents, uniq_ijyb
D:4:      cheibrodos_greedy_goblins, layout_loops_ring, old_standard_altar,
          minmay_temple_entry_overgrown, serial_rivers,
          chequers_serial_rivers_room_b, chequers_serial_rivers_micro_b,
          chequers_serial_rivers_micro_e, chequers_serial_rivers_micro_b,
          chequers_serial_rivers_micro_e
D:5:      layout_rooms, grunt_temple_overflow_holy_war,
          grunt_dithmenos_smoke_and_mirrors, kennysheep_mini, first_ration
Temple:   jpeg_temple_island

Skill      XL: |  1  2  3  4  5  6  7 |
---------------+----------------------+-----
Short Blades   | 3 4 5 |  5.1
Dodging        | 2 3 4 |  4.1
Fighting       | 3 4 |  4.2
Throwing       | 3 4 |  4.1
Stealth        | 6 7 |  7.1

Action                   |  1- 3 |  4- 6 |  7- 9 || total
-------------------------+-------+-------+-------++-------
Melee: Dagger            |   114 |   222 |    67 ||   403
Throw: Dart              |     6 |    36 |     5 ||    47
  Use: Scroll            |     1 |     3 |     1 ||     5
       Potion            |       |     1 |       ||     1
 Stab: Sleeping          |       |    12 |     3 ||    15
  Eat: Chunk             |    10 |     9 |     3 ||    22
Armor: Robe              |    26 |       |       ||    26
       Leather armour    |     9 |    26 |    15 ||    50
       Skin              |       |    37 |       ||    37
       Ring mail         |       |    33 |       ||    33
Dodge: Dodged            |   108 |   140 |    30 ||   278

Table legend:
 A = Non-vault XP
 B = Vault XP
 C = Vault XP percentage of total XP
 D = Non-vault monster count
 E = Vault monster count
 F = Vault count percentage of total count
                 A         B        C        D         E       F
            +---------+---------+-------+---------+---------+-------
      Total |     657 |     116 |  15.0 |      88 |      20 |  18.5
            +---------+---------+-------+---------+---------+-------
        D:1 |      39 |       0 |   0.0 |      21 |       0 |   0.0
        D:2 |      75 |      38 |  33.6 |      22 |       1 |   4.3
        D:3 |      88 |      54 |  38.0 |      30 |       7 |  18.9
        D:4 |     303 |      24 |   7.3 |      13 |      12 |  48.0
        D:5 |     152 |       0 |   0.0 |       2 |       0 |   0.0
            +---------+---------+-------+---------+---------+-------
